 Dungeon Crawl Stone Soup version 0.15.2 (webtiles) character file.

272 GhostOklob the Cudgeler (level 6, -1/55 HPs)
             Began as a Deep Dwarf Berserker on Nov 7, 2015.
             Was a Follower of Trog.
             Slain by a goblin
             ... wielding a +0 dagger
              (3 damage)
             ... on Level 2 of the Dungeon.
             The game lasted 00:05:51 (4499 turns).

GhostOklob the Cudgeler (Deep Dwarf Berserker)      Turns: 4499, Time: 00:05:51

HP  -1/55        AC  0     Str 20      XL: 6   Next:  2%
MP   5/5         EV 12     Int  8      God: Trog [*.....]
Gold 83          SH  0     Dex 14      Spells:  0 memorised,  5 levels left

rFire  . . .     SeeInvis .     z - +0 hunting sling
rCold  . . .     Clarity  .     (no armour)
rNeg   . . .     rCorr    .     (no shield)
rPois  .         rRot     .     (no helmet)
rElec  .         Spirit   .     (no cloak)
SustAb .         Warding  .     (no gloves)
rMut   .         Stasis   .     (no boots)
Gourm  .                        (no amulet)
MR     .....                    (no ring)
                                (no ring)

@: non-regenerating, not resistant to hostile enchantments, very unstealthy
A: damage resistance, recharge devices, sense surroundings 1, slow healing 3
a: Device Recharging, Burn Spellbooks, Berserk, Renounce Religion


You were on level 2 of the Dungeon.
You worshipped Trog.
Trog was aware of your devotion.
You were near starving.

You visited 1 branch of the dungeon, and saw 3 of its levels.

You collected 83 gold pieces.


Innate Abilities, Weirdness & Mutations

You are resistant to damage.
You can recharge devices by infusing magical energy.
You passively map a small area around you.
You do not heal naturally.


   Skills:
 + Level 2.6 Fighting
   Level 6.8 Maces & Flails
 - Level 2.1 Armour
 - Level 2.1 Dodging


You had 5 spell levels left.
You didn't know any spells.

Inventory:

Hand weapons
 z - a +0 hunting sling (weapon)
Armour
 m - a +1 cloak
 n - a +0 scale mail
 y - a +0 pair of gloves
Magical devices
 c - a wand of heal wounds (6) {!d@v2}
 v - a wand of flame (16) {unknown}
Comestibles
 d - 4 bread rations
 q - a meat ration
Scrolls
 e - a scroll of magic mapping {unknown}
 f - 3 scrolls of fog {unknown}
 h - a scroll of enchant armour {unknown}
 k - 2 scrolls of identify {unknown}
 l - 2 scrolls of enchant weapon {unknown}
 p - 3 scrolls of remove curse {unknown}
 r - a scroll of immolation {unknown}
 u - 2 scrolls of teleportation {unknown}
Jewellery
 i - an uncursed ring of positive energy {unknown}
Potions
 g - 3 potions of agility {unknown}
 o - a potion of invisibility {unknown}
 s - a potion of flight {unknown}
 t - a potion of might {unknown}
 w - a potion of brilliance {unknown}
 x - a potion of lignification {unknown}
 B - a potion of curing {unknown}
 C - a potion of haste {unknown}

Dungeon Overview and Level Annotations

Branches:
Dungeon (3/15)

Altars:

..........########.#####..##..#..
..........########.######.....#..
.................................
..........########.....######....
..........# #####.# ##...
..........# #.## #...
.>........## #..### #(..
........(.(############...# #...
#...######.((((gg.........# ###.
###.####################### #.
#.....## ## #####..# ##.
##.######################..
#.........................
########################.. #..
##.


You could see a goblin.


Message History

You swing at nothing.
The goblin barely misses you.
You swing at nothing.
The goblin misses you. The goblin hits you but does no damage.
You swing at nothing.
The goblin hits you with a dagger.
* * * LOW HITPOINT WARNING * * *
You swing at nothing.
The goblin hits you with a dagger.
* * * LOW HITPOINT WARNING * * *
The goblin barely misses you.
You swing at nothing.
The goblin closely misses you.
You swing at nothing.
The goblin barely misses you. The goblin hits you but does no damage.
You swing at nothing.
The goblin hits you with a dagger.
* * * LOW HITPOINT WARNING * * *
You swing at nothing.
The goblin hits you with a dagger. The goblin hits you but does no damage.
You swing at nothing.
The goblin hits you with a dagger.
You swing at nothing.
The goblin barely misses you. The goblin barely misses you.
You swing at nothing.
The goblin misses you.
You swing at nothing.
The goblin misses you. The goblin barely misses you.
You swing at nothing.
The goblin hits you but does no damage.
You swing at nothing.
The goblin misses you. The goblin barely misses you.
You swing at nothing.
The goblin hits you with a dagger.
* * * LOW HITPOINT WARNING * * *
You swing at nothing.
The goblin hits you with a dagger.
* * * LOW HITPOINT WARNING * * *
The goblin completely misses you.
You swing at nothing.
The goblin closely misses you.
You swing at nothing.
The goblin hits you with a dagger.
You die...

Action                   |  1- 3 |  4- 6 || total
-------------------------+-------+-------++-------
Melee: Mace              |    94 |   204 ||   298
Invok: Trog's Hand       |     1 |    20 ||    21
       Berserk           |       |     1 ||     1
 Abil: Device Recharging |     1 |       ||     1
Evoke: Wand              |     2 |     2 ||     4
 Stab: Sleeping          |     1 |       ||     1
  Eat: Chunk             |       |    11 ||    11
       Beef jerky        |       |     1 ||     1

Vault maps used:
D:1:      sevenhm_arrival_forest_fort_large_1
D:2:      first_bread
D:3:      uniq_sigmund

Notes
Turn   | Place    | Note
--------------------------------------------------------------
     0 | D:1      | GhostOklob, the Deep Dwarf Berserker, began the quest for the Orb.
     0 | D:1      | Reached XP level 1. HP: 20/20 MP: 1/1
   151 | D:1      | Reached XP level 2. HP: 17/27 MP: 2/2
   257 | D:1      | Acquired Trog's second power
   267 | D:1      | Reached skill level 4 in Maces & Flails
   699 | D:2      | Reached XP level 3. HP: 33/33 MP: 3/3
   856 | D:2      | Reached XP level 4. HP: 15/40 MP: 3/3
   898 | D:2      | Reached skill level 5 in Maces & Flails
  1608 | D:3      | Reached XP level 5. HP: 34/46 MP: 4/4
  1746 | D:3      | Noticed Sigmund
  1754 | D:3      | Killed Sigmund
  1754 | D:3      | Reached skill level 6 in Maces & Flails
  3450 | D:3      | Reached XP level 6. HP: 23/55 MP: 5/5
  4496 | D:2      | HP: 5/55 [goblin/dagger (3)]
  4497 | D:2      | HP: 2/55 [goblin/dagger (3)]
  4499 | D:2      | Slain by a goblin

Vanquished Creatures
  Sigmund (D:3)
  An orc wizard (D:3)
  4 adders (D:3)
  3 gnolls (D:2)
  A giant mite (D:1)
  A worm (D:2)
  A giant gecko (D:1)
  3 oozes
  9 orcs (D:3)
  5 giant cockroaches
  8 goblins
  10 hobgoblins
  8 kobolds
  3 quokkas (D:3)
  9 bats
  5 giant newts
  8 rats
80 creatures vanquished.
